 Dungeon Crawl Stone Soup version 0.22.1-1-ga44c0e5 (webtiles) character file.

332 brandon the Chopper (level 6, -5/56 HPs)
             Began as a Minotaur Berserker on Oct 1, 2018.
             Was a Believer of Trog.
             Slain by a gnoll
             ... wielding a +0 spear
              (11 damage)
             ... on level 3 of the Dungeon.
             The game lasted 00:05:05 (1995 turns).

brandon the Chopper (Minotaur Berserker)            Turns: 1995, Time: 00:05:06

Health: -5/56      AC:  2    Str: 21    XL:     6   Next: 26%
Magic:  5/5        EV: 13    Int:  4    God:    Trog [**....]
Gold:   55         SH:  0    Dex: 12    Spells: 5/5 levels left

rFire    . . .     SeeInvis .   a - +0 hand axe
rCold    . . .     Gourm    .   (no shield)
rNeg     . . .     Faith    .   b - +0 animal skin
rPois    .         Spirit   .   (helmet restricted)
rElec    .         Reflect  .   (no cloak)
rCorr    .         Harm     .   (no gloves)
MR       .....                  (no boots)
Stlth    +.........             (no amulet)
HPRegen  0.18/turn              (no ring)
MPRegen  0.09/turn              (no ring)

@: berserk cooldown, slowed, very slow
A: retaliatory headbutt, horns 2
a: Berserk, Trog's Hand, Renounce Religion


You were on level 3 of the Dungeon.
You worshipped Trog.
Trog was pleased with you.
You were not hungry.

You visited 1 branch of the dungeon, and saw 3 of its levels.

You collected 55 gold pieces.

Inventory:

Hand Weapons
 a - a +0 hand axe (weapon)
Armour
 b - a +0 animal skin (worn)
Scrolls
 d - a scroll of teleportation {unknown}
 f - 2 scrolls of enchant weapon {unknown}
 h - a scroll of identify {unknown}
 i - a scroll of remove curse {unknown}
 k - a scroll of immolation {unknown}
Potions
 e - a potion of might {unknown}
 g - 2 potions of curing {unknown}
 j - a potion of heal wounds {unknown}
 l - a potion of lignification {unknown}
Comestibles
 c - a ration


   Skills:
 + Level 5.0 Fighting
 * Level 6.1 Axes
 + Level 4.0 Armour
 + Level 3.7 Dodging
 - Level 0.1 Stealth


You had 5 spell levels left.
You didn't know any spells.
Your spell library was empty.

Dungeon Overview and Level Annotations

Branches:
Dungeon (3/15)

Altars:
Ashenzari
Hepliaklqana
Kikubaaqudgha
Makhleb
Qazlal
Vehumet
The Shining One


Innate Abilities, Weirdness & Mutations

You reflexively headbutt those who attack you in melee.
You have a pair of horns on your head.


Message History

You hit the gnoll but do no damage.
The gnoll is heavily wounded.
You hit the gnoll. The gnoll misses you. The gnoll hits you with a flail.
The gnoll hits you with a club.
* * * LOW HITPOINT WARNING * * *
The gnoll hits you from afar with a spear.
* * * LOW HITPOINT WARNING * * *
You hit the gnoll.
The gnoll is severely wounded.
You closely miss the gnoll. The gnoll barely misses you.
You furiously retaliate!
You headbutt the gnoll. The gnoll closely misses you.
The gnoll barely misses you. The gnoll misses you. You furiously retaliate!
You headbutt the gnoll, but do no damage.
The gnoll hits you with a club.
* * * LOW HITPOINT WARNING * * *
You hit the gnoll.
The gnoll is almost dead.
You hit the gnoll.
The gnoll hits you from afar with a spear!
You die...

######.# ####
#<.....#
#...##.######
#..#g# #gg@#
#..### #...##
####


You could see 3 gnolls.

Vanquished Creatures
  Sigmund (D:2)
  Jessica (D:2)
  Natasha (D:2)
  4 gnolls
  An adder (D:2)
  2 dart slugs (D:1)
  2 leopard geckos (D:2)
  11 bats
  2 giant cockroaches
  6 goblins
  7 hobgoblins
  9 jackals
  A quokka (D:2)
  3 frilled lizards
  7 kobolds
  9 rats
67 creatures vanquished.

Notes
Turn   | Place    | Note
-------+----------+-------------------------------------------
     0 | D:1      | brandon the Minotaur Berserker began the quest for the Orb.
     0 | D:1      | Reached XP level 1. HP: 19/19 MP: 0/0
   395 | D:1      | Reached skill level 4 in Axes
   413 | D:1      | Reached XP level 2. HP: 25/27 MP: 1/1
   571 | D:1      | Reached XP level 3. HP: 11/33 MP: 2/2
   968 | D:2      | Reached ** piety under Trog
   977 | D:2      | Reached XP level 4. HP: 7/40 MP: 3/3
  1251 | D:2      | Found a radiant altar of Vehumet.
  1252 | D:2      | Found a hazy altar of Hepliaklqana.
  1252 | D:2      | Found a burning altar of Makhleb.
  1257 | D:2      | Found a stormy altar of Qazlal.
  1257 | D:2      | Found a shattered altar of Ashenzari.
  1260 | D:2      | Found an ancient bone altar of Kikubaaqudgha.
  1303 | D:2      | Noticed Jessica
  1311 | D:2      | Killed Jessica
  1311 | D:2      | Reached skill level 5 in Axes
  1319 | D:2      | Noticed Natasha
  1328 | D:2      | Killed Natasha
  1536 | D:2      | Noticed Sigmund
  1550 | D:2      | Killed Sigmund
  1550 | D:2      | Reached skill level 6 in Axes
  1550 | D:2      | Reached XP level 5. HP: 47/47 MP: 4/4
  1550 | D:2      | Reached XP level 6. HP: 55/55 MP: 5/5
  1744 | D:2      | Found a glowing golden altar of the Shining One.
  1869 | D:2      | Reached skill level 5 in Fighting
  1995 | D:3      | Slain by a gnoll

Skill      XL: |  1  2  3  4  5  6 |
---------------+-------------------+-----
Axes           | 4 6 |  6.1
Fighting       | 4 5 |  5.0
Armour         | 3 4 |  4.0
Dodging        | 3 |  3.7
Stealth        | |  0.1

Action                   |  1- 3 |  4- 6 || total
-------------------------+-------+-------++-------
Melee: Hand axe          |    46 |    59 ||   105
       Headbutt          |     7 |     2 ||     9
Invok: Berserk           |     2 |     3 ||     5
  Eat: Chunk             |     1 |     2 ||     3
       Ration            |       |     2 ||     2
Armor: Animal skin       |    14 |    10 ||    24
Dodge: Dodged            |    53 |    57 ||   110
